 Dungeon Crawl Stone Soup version 0.31-a0-177-g4aa6249778 (webtiles) character file.

Game seed: 18275650882597186649

5 Moral the Shooter (level 1, -2/14 HPs)
             Began as an Octopode Hunter on June 19, 2023.
             Slain by a quokka (5 damage)
             ... on level 1 of the Dungeon.
             The game lasted 00:00:12 (68 turns).

Moral the Shooter (Octopode Hunter)                   Turns: 68, Time: 00:00:13

Health: -2/14      AC:  1    Str: 10    XL:     1   Next: 80%
Magic:  1/1        EV: 13    Int: 11    God:
Gold:   0          SH:  0    Dex: 15    Spells: 0/0 levels left

rFire   . . .        a - +0 shortbow
rCold   . . .        (shield currently unavailable)
rNeg    . . .        (helmet restricted)
rPois   .            (no amulet)
rElec   .            (no ring)
rCorr   .            (no ring)
SInv    .            (no ring)
Will    .....        (no ring)
Stlth   +++          (no ring)
HPRegen 0.22/turn    (no ring)
MPRegen 0.07/turn    (no ring)
                     (no ring)

%: no passive effects
@: no status effects
A: almost no armour, amphibious, 8 rings, camouflage 1, gelatinous body 1,
(nimble swimmer 1), tentacles
a: no special abilities


You were on level 1 of the Dungeon.
You visited 1 branch of the dungeon, and saw 1 of its levels.

Inventory:

Hand Weapons
 a - a +0 shortbow (weapon)
Scrolls
 b - a scroll of butterflies
 d - a scroll of acquirement {unknown}
Potions
 c - a potion of magic {unknown}


   Skills:
 * Level 2.2 Fighting
 + Level 4.0 Ranged Weapons
 + Level 2.0 Dodging
 * Level 1.8 Stealth


You couldn't memorise any spells.
You didn't know any spells.
Your spell library was empty.

Dungeon Overview and Level Annotations

Branches:
Dungeon (1/15)

Altars:


Innate Abilities, Weirdness & Mutations

You cannot wear most types of armour.
You are amphibious.
You can wear up to eight rings at the same time.
Your skin changes colour to match your surroundings (Stealth+).
Your rubbery body absorbs attacks. (AC +1, EV +1)
((You are camouflaged when in or above water. (Stealth+)))
You have tentacles for arms and can constrict up to eight enemies at once.


Message History

You shoot an arrow. The arrow closely misses the quokka.
The arrow barely misses the goblin.
You shoot an arrow. The arrow hits the quokka.
The quokka is heavily wounded.
You shoot an arrow.
The arrow hits the quokka but does no damage.
The quokka is heavily wounded.
A hobgoblin comes into view.
The quokka misses you.
You shoot an arrow.
The arrow hits the quokka but does no damage.
The quokka is heavily wounded.
The quokka bites you but does no damage.
You shoot an arrow. The arrow barely misses the quokka.
The arrow closely misses the goblin.
The arrow hits the hobgoblin!
You kill the hobgoblin!
The quokka bites you.
You shoot an arrow. The arrow closely misses the quokka.
The arrow closely misses the goblin.
The quokka bites you. The quokka closely misses you.
You shoot an arrow. The arrow barely misses the quokka.
The arrow hits the goblin!
You kill the goblin!
The quokka bites you but does no damage.
You shoot an arrow. The arrow closely misses the quokka.
The quokka bites you. The quokka closely misses you.
You shoot an arrow. The arrow closely misses the quokka.
The quokka bites you.
You are too injured to fight recklessly!
You are too injured to fight recklessly!
You are too injured to fight recklessly!
You are too injured to fight recklessly!
You shoot an arrow. The arrow hits the quokka.
The quokka is moderately wounded.
The quokka completely misses you. The quokka bites you.
* * * LOW HITPOINT WARNING * * *
You shoot an arrow.
The arrow hits the quokka but does no damage.
The quokka is lightly wounded.
The quokka bites you.
You die...

#.###.### ... #...#
... ### ###.# ... #.#
#.# ###.# ... #...#
#.# ###.### #)# #...#
#r#
###...##########@##.#
[...................#
################.####
###


You could see a quokka.

Vanquished Creatures
  A dart slug (D:1)
  A goblin (D:1)
  A hobgoblin (D:1)
3 creatures vanquished.

Notes
Turn   | Place    | Note
-------+----------+-------------------------------------------
     0 | D:1      | Moral the Octopode Hunter began the quest for the Orb.
     0 | D:1      | Reached XP level 1. HP: 14/14 MP: 1/1
    68 | D:1      | Slain by a quokka

Illustrated notes

Levels and vault maps discovered:
D:1:      ebering_trefoil_3fold, layout_basic, minmay_quantized

Action                     || total
---------------------------++-------
   Fire: Shortbow          ||    17
 Armour: Skin              ||     2
  Dodge: Dodged            ||     4

Table legend: (Time is in decaauts)
 A = Elapsed time spent in this place.
 B = Non-inter-level travel time spent in this place.
 C = Inter-level travel time spent in this place.
 D = Time resting spent in this place.
 E = Time spent auto-exploring this place.
 F = Levels seen in this place.
 G = Mean time per level.
                   A        B        C        D        E       F      G
               +--------+--------+--------+--------+--------+-----+--------+
         Total |     71 |     71 |      0 |      0 |     46 |   1 |   71.0 |
       Dungeon |     71 |     71 |      0 |      0 |     46 |   1 |   71.0 |
               +--------+--------+--------+--------+--------+-----+--------+

Top non-repeatable levels by time:
     D:1: 71 daAuts
